 Dungeon Crawl Stone Soup version 0.27.1-4-g1640c2035a (webtiles) character file.

Game seed: 13320168871069218396

41 H0rd4k the Charlatan (level 3, -7/26 HPs)
             Began as a Human Artificer on Nov 4, 2021.
             Mangled by an orc (16 damage)
             ... on level 3 of the Dungeon.
             The game lasted 00:02:20 (2454 turns).

H0rd4k the Charlatan (Human Artificer)              Turns: 2454, Time: 00:02:21

Health: -7/26      AC:  3    Str: 13    XL:     3   Next: 75%
Magic:  3/3        EV: 11    Int: 11    God:
Gold:   111        SH:  0    Dex: 13    Spells: 2/2 levels left

rFire    . . .     SeeInvis .   j - +0 dagger
rCold    . . .     Faith    .   (no shield)
rNeg     . . .     Spirit   .   b - +0 leather armour
rPois    .         Reflect  .   (no helmet)
rElec    .         Harm     .   (no cloak)
rCorr    .         Rampage  .   (no gloves)
Will     .....                  (no boots)
Stlth    +.........             (no amulet)
HPRegen  0.08/turn              (no ring)
MPRegen  0.08/turn              (no ring)

@: no status effects
A: no striking features
a: no special abilities


You were on level 3 of the Dungeon.
You visited 1 branch of the dungeon, and saw 3 of its levels.

You collected 111 gold pieces.

Inventory:

Hand Weapons
 j - a +0 dagger (weapon)
Missiles
 i - 36 poisoned darts
 p - a throwing net
Armour
 b - a +0 leather armour (worn)
Wands
 c - a wand of flame (13) (quivered)
 d - a wand of charming (13)
Scrolls
 a - a scroll of identify {unknown}
 l - a scroll of blinking {unknown}
 m - a scroll of teleportation {unknown}
 s - a scroll of amnesia {unknown}
 t - a scroll of holy word {unknown}
Potions
 f - 2 potions of degeneration {unknown}
 g - a potion of lignification {unknown}
 h - 2 potions of heal wounds {unknown}
 k - a potion of flight {unknown}
 n - a potion of attraction {unknown}
 o - a potion of haste {unknown}
 q - a potion of brilliance {unknown}
 r - a potion of berserk rage {unknown}
Miscellaneous
 e - a piece from Xom's chessboard (15/15)


   Skills:
 + Level 1.3 Fighting
 + Level 0.4 Short Blades
 - Level 2.0 Armour
 + Level 1.7 Dodging
 - Level 1.0 Stealth
 + Level 3.9 Evocations


You had 2 spell levels left.
You didn't know any spells.
Your spell library was empty.

Dungeon Overview and Level Annotations

Branches:
Dungeon (3/15)

Altars:

Shops:
D:2 :

Annotations:
D:1 exclusion: downstairs


Message History

The orc shouts!
The orc closely misses you.
You hit the orc but do no damage. The orc hits you but does no damage.
You hit the orc.
The orc is heavily wounded.
The orc hits you but does no damage.
You hit the orc.
The orc is severely wounded.
The orc hits you with a +0 club.
You hit the orc but do no damage.
The orc is severely wounded.
The orc hits you but does no damage.
You hit the orc.
The orc is almost dead.
The orc hits you with a +0 club.
You closely miss the orc.
The orc is almost dead.
The orc hits you with a +0 club.
You barely miss the orc.
The orc is almost dead.
The orc closely misses you.
You completely miss the orc.
The orc is almost dead.
The orc completely misses you.
You hit the orc but do no damage.
The orc is almost dead.
The orc completely misses you.
You barely miss the orc.
The orc is almost dead.
The orc hits you with a +0 club.
You hit the orc but do no damage.
The orc is almost dead.
The orc closely misses you.
You hit the orc.
You kill the orc!
You hit the orc but do no damage.
The orc hits you with a +0 whip of electrocution.
You are electrocuted!
Ouch! That really hurt!
You die...

#..#.#
##.####....###<.
#..#.#
#...........#.##
#..#.# #.#########..##
#....# .# #.##
##...#####.# #.#
#####)........ #.#
###........##.# ## #.#
#.........#.#.###...##
#.#
#.##.#.#..#...@oo.....
..#
#...#.....###....##
### #.#####.#.# #.##
#. .....# # # #.....(
......... ###.####..#
.. ..# #.. ..#


You could see 2 orcs.

Vanquished Creatures
  A dart slug (D:1)
  An orc (D:3)
  A giant cockroach (D:2)
  4 hobgoblins
  2 jackals (D:1)
  4 kobolds
  A quokka (D:1)
  2 ball pythons (D:1)
  4 bats
  3 frilled lizards (D:1)
  4 goblins
  5 rats
32 creatures vanquished.

Vanquished Creatures (collateral kills)
  6 goblins (D:2)
  A hobgoblin (D:2)
7 creatures vanquished.

Vanquished Creatures (others)
  Robin (D:2)
  An adder (D:2)
2 creatures vanquished.

Grand Total: 41 creatures vanquished

Notes
Turn   | Place    | Note
-------+----------+-------------------------------------------
     0 | D:1      | H0rd4k the Human Artificer began the quest for the Orb.
     0 | D:1      | Reached XP level 1. HP: 15/15 MP: 1/1
   371 | D:1      | Reached XP level 2. HP: 6/21 MP: 2/2
   604 | D:1      | Found a faded altar of an unknown god.
  1266 | D:1      | Reached XP level 3. HP: 14/26 MP: 3/3
  1646 | D:2      | Noticed Robin
  1935 | D:2      | Found Iloini's Book Emporium.
  1994 | D:2      | Your ally died
  2454 | D:3      | Mangled by an orc

Illustrated notes

Levels and vault maps discovered:
D:1:      matt_arrival_refuge, layout_rooms,
          ebering_ecumenical_altar_sacrificial, chequers_garden,
          minmay_misc_feat_square, st_stairs_6, serial_bayou_pond_a
D:2:      layout_basic, serial_shops, nicolae_shop_crystal, uniq_robin
D:3:      layout_loops_ring, st_stairs_1

Action                   || total
-------------------------++-------
Melee: Club              ||    54
       Dagger            ||   112
Evoke: Wand              ||     4
Armor: Leather armour    ||    75
Dodge: Dodged            ||   111
